 Dungeon Crawl Stone Soup version 0.29.1-12-g30fa7ad0bf (webtiles) character file.

Game seed: 13458439558992959912

183 ChadusMaximus the Covered (level 5, -4/47 HPs)
             Began as a Minotaur Fighter on Dec 13, 2022.
             Killed from afar by Blork the orc (6 damage)
             ... with a puff of frost
             ... on level 4 of the Dungeon.
             The game lasted 00:02:19 (3068 turns).

ChadusMaximus the Covered (Minotaur Fighter)        Turns: 3068, Time: 00:02:19

Health: -4/47      AC:  9    Str: 22    XL:     5   Next: 35%
Magic:  4/4        EV:  9    Int:  5    God:
Gold:   224        SH:  4    Dex: 10    Spells: 4/4 levels left

rFire   . . .      SeeInvis .   a - +0 war axe
rCold   . . .      Faith    .   c - +0 buckler
rNeg    . . .      Spirit   .   b - +0 scale mail
rPois   .          Reflect  .   (helmet restricted)
rElec   .          Harm     .   (no cloak)
rCorr   .          Rampage  .   k - +0 pair of gloves
Will    .....                   o - +0 pair of boots
Stlth   ..........              (no amulet)
HPRegen 0.15/turn               (no ring)
MPRegen 0.09/turn               (no ring)

@: lethally poisoned (-4 -> -13)
A: horns 2, retaliatory headbutt
a: no special abilities


You were on level 4 of the Dungeon.
You visited 1 branch of the dungeon, and saw 4 of its levels.

You collected 224 gold pieces.

Inventory:

Hand Weapons
 a - a +0 war axe (weapon)
Missiles
 m - 4 javelins (quivered)
Armour
 b - a +0 scale mail (worn)
 c - a +0 buckler (worn)
 k - a +0 pair of gloves (worn)
 o - a +0 pair of boots (worn)
Wands
 n - a wand of iceblast (12)
Scrolls
 e - 2 scrolls of fear {unknown}
 f - 2 scrolls of identify {unknown}
 j - a scroll of amnesia {unknown}
Potions
 d - a potion of might
 g - 2 potions of flight {unknown}
 h - 3 potions of heal wounds {unknown}
 i - a potion of mutation {unknown}
 l - a potion of degeneration {unknown}


   Skills:
 + Level 4.8 Fighting
 + Level 4.0 Axes
 + Level 4.8 Armour
 + Level 4.8 Shields


You had 4 spell levels left.
You didn't know any spells.
Your spell library was empty.

Dungeon Overview and Level Annotations

Branches:
Dungeon (4/15)
 Temple: D:4-7

Altars:
Gozag
Xom

Annotations:
D:4 2 runed translucent doors, Blork the orc, Grinder


Innate Abilities, Weirdness & Mutations

You have a pair of horns on your head.
You reflexively headbutt those who attack you in melee.


Message History

The puff of flame hits you!
A ball python comes into view.
The ball python hisses angrily.
A goblin comes into view. It is wielding a +0 dagger.
The goblin shouts!
A scorpion comes into view.
Blork the orc closely misses you.
You hit Blork the orc. You headbutt Blork the orc.
Blork the orc is lightly wounded.
Blork the orc hits you with a +0 scimitar!
You closely miss Blork the orc.
Blork the orc is lightly wounded.
Blork the orc casts a spell at you. The magic dart hits you.
The ball python completely misses you. The ball python closely misses you.
Blork the orc barely misses you. The ball python misses you.
You furiously retaliate!
You headbutt the ball python. The ball python grabs you.
The ball python constricts you.
You barely miss Blork the orc.
Blork the orc is lightly wounded.
You hit the scorpion. You slash the ball python!
You kill the ball python!
The scorpion stings you.
You are poisoned.
The scorpion poisons you!
Blork the orc hits you with a +0 scimitar!
* * * LOW HITPOINT WARNING * * *
You completely miss Blork the orc.
Blork the orc is lightly wounded.
You hit the scorpion but do no damage.
* * * LOW HITPOINT WARNING * * *
You feel very sick. The scorpion stings you.
* * * LOW HITPOINT WARNING * * *
Blork the orc hits you with a +0 scimitar.
* * * LOW HITPOINT WARNING * * *
The scorpion misses you.
Blork the orc gestures at you while chanting.
The puff of frost hits you.
You die...

#.#....≈.....≈
#......≈≈≈≈≈≈≈≈≈.#
#
#......≈.....≈.#.#
##...≈.≈.≈≈≈.≈.#.#.
#...≈.≈.._≈.≈.....
#.#.≈.≈≈≈≈≈.≈..#..
#.#.≈.......≈....#
#.#.≈≈≈≈≈≈≈≈≈.#
#.........@og.#
#.###..$...s....#
#.# ##.#####.##...
#.# #.# #.# .
#)####.#####.#
#....#.. ..#.#
#..#.### #.#.#
####..#.#####.#.#
#.....#....#..†.#


You could see Blork the orc, a scorpion and a goblin.

Vanquished Creatures
  Crazy Yiuf (D:3)
  4 gnolls (D:4)
  3 adders
  A worm (D:2)
  5 dart slugs
  6 orcs
  10 ball pythons
  3 bats
  7 endoplasms
  5 goblins
  6 hobgoblins
  7 kobolds
  A quokka (D:1)
  5 frilled lizards
  7 rats
71 creatures vanquished.

Vanquished Creatures (others)
  6 plants (D:3)
6 creatures vanquished.

Grand Total: 77 creatures vanquished

Notes
Turn   | Place    | Note
-------+----------+-------------------------------------------
     0 | D:1      | ChadusMaximus the Minotaur Fighter began the quest for the
                  | Orb.
     0 | D:1      | Reached XP level 1. HP: 19/19 MP: 0/0
   121 | D:1      | Reached XP level 2. HP: 27/27 MP: 1/1
   338 | D:1      | Reached XP level 3. HP: 30/33 MP: 2/2
   447 | D:1      | You fall into a shaft and drop 1 floor!
   597 | D:2      | Found a faded altar of an unknown god.
  1635 | D:3      | Reached XP level 4. HP: 20/40 MP: 3/3
  1871 | D:3      | Identified the +7 dagger of Defilement {vorpal, rC++}
  2186 | D:3      | Found a runed translucent door.
  2187 | D:3      | Noticed Crazy Yiuf
  2448 | D:3      | Killed Crazy Yiuf
  2825 | D:4      | Found a large runed translucent door.
  2826 | D:4      | Found a large runed translucent door.
  2893 | D:4      | Reached XP level 5. HP: 35/47 MP: 4/4
  3045 | D:4      | Noticed Grinder
  3049 | D:4      | Found an opulent altar of Gozag.
  3053 | D:4      | Found a shimmering altar of Xom.
  3060 | D:4      | Noticed Blork the orc
  3068 | D:4      | HP: 2/47 [Blork the orc/+0 scimitar (5)]
  3068 | D:4      | Killed from afar by Blork the orc

Illustrated notes

Levels and vault maps discovered:
D:1:      lightli_iron_boxes, layout_basic, minmay_strange_pillars
D:2:      layout_loops_corners, basic_ecumenical_altar
D:3:      layout_loops_ring, serial_bayou_lagoon_b, uniq_crazy_yiuf_cottage
D:4:      layout_loops_ring, mainiacjoe_overflow_catwalk_spiral,
          jmf_multi_god_temple2, uniq_blork_the_orc, uniq_grinder

Skill      XL: |  1  2  3  4  5 |
---------------+----------------+-----
Fighting       | 4 |  4.8
Axes           | 3 4 |  4.0
Armour         | 4 |  4.8
Shields        | 4 |  4.8

Action                   |  1- 3 |  4- 6 || total
-------------------------+-------+-------++-------
Melee: War axe           |    93 |    63 ||   156
       Headbutt          |    21 |     9 ||    30
Armor: Scale mail        |    62 |    33 ||    95
Dodge: Dodged            |    56 |    38 ||    94
Block: Buckler           |    31 |    12 ||    43
